 Dungeon Crawl Stone Soup version 0.31-a0-542-gdc2a67831c (webtiles) character file.

Game seed: 17954847373146090850

105320 dialectric the Slayer (level 15, -23/166 HPs)
             Began as a Minotaur Fighter on Aug 14, 2023.
             Was the Champion of Dithmenos.
             Killed from afar by a deep elf zephyrmancer (41 damage)
             ... with a bolt of lightning
             ... on level 1 of the Elven Halls.
             The game lasted 00:45:27 (21479 turns).

dialectric the Slayer (Minotaur Fighter)           Turns: 21479, Time: 00:45:27

Health: -23/166    AC: 16    Str: 31    XL:     15   Next: 94%
Magic:  14/14      EV: 18    Int:  4    God:    Dithmenos [******]
Gold:   1024       SH:  0    Dex: 19    Spells: 14/14 levels left

rFire   . . .        h - +4 whip (elec)
rCold   . . .        (no shield)
rNeg    + . .        w - +3 ring mail "Fadoly" {Str+3}
rPois   .            l - +0 hat {Stlth+}
rElec   .            o - +1 cloak
rCorr   .            y - +0 pair of gloves
SInv    +            M - +0 pair of boots
Will    +....        J - amulet of Ytiul {RegenMP Rampage +Inv rN+ Regen+}
Stlth   +++++++      z - +6 ring of dexterity
HPRegen 1.27/turn    g - ring of see invisible
MPRegen 0.54/turn

%: rampage
@: about to teleport, wreathed by umbra
A: horns 2, retaliatory headbutt, agile 1
a: Renounce Religion, Evoke Invisibility, Shadow Step, Shadow Form


You were on level 1 of the Elven Halls.
You worshipped Dithmenos.
Dithmenos was exalted by your worship.
You visited 6 branches of the dungeon, and saw 24 of its levels.

You collected 1931 gold pieces.
You spent 907 gold pieces at shops.

Inventory:

Hand Weapons
 c - a +1 demon whip of venom
 h - a +4 whip of electrocution (weapon)
 j - a +2 flail of draining
Missiles
 a - 7 javelins (quivered)
 R - 6 datura-tipped darts
Armour
 l - a +0 hat of stealth (worn)
 o - a +1 cloak (worn)
 w - the +3 ring mail "Fadoly" (worn) {Str+3}
   (You found it on level 9 of the Dungeon)

   Str+3:     It affects your strength (+3).
 x - a +0 kite shield
 y - a +0 pair of gloves (worn)
 H - a +2 hat
 M - a +0 pair of boots (worn)
Jewellery
 g - a ring of see invisible (right hand)
 i - a ring of willpower
 r - a ring of resist corrosion
 u - a +6 ring of dexterity
 z - a +6 ring of dexterity (left hand)
 B - a ring of flight
 E - the ring "Favaluuli" {Ice rN+ rCorr Int-3 SInv}
   (You found it on level 3 of the Lair of Beasts)

   [ring of ice]

   Ice:       It enhances your ice magic.
   Int-3:     It affects your intelligence (-3).
   rF-:       It makes you vulnerable to fire.
   rC+:       It protects you from cold.
   rN+:       It protects you from negative energy.
   SInv:      It lets you see invisible.
   rCorr:     It protects you from acid and corrosion.
 J - the amulet of Ytiul (around neck) {RegenMP Rampage +Inv rN+ Regen+}
   (You took it off an orc on level 7 of the Dungeon)

   [amulet of magic regeneration]

   RegenMP:   It increases your rate of magic regeneration.
   rN+:       It protects you from negative energy.
   +Inv:      It lets you turn invisible.
   Regen+:    It increases your rate of health regeneration.
   Rampage:   It bestows one free step when moving towards enemies.
 P - an amulet of reflection
Wands
 s - a wand of paralysis (6)
 v - a wand of flame (31)
 I - a wand of mindburst (9)
 K - a wand of polymorph (13)
 Q - a wand of acid (3)
Scrolls
 m - 7 scrolls of identify
 n - 2 scrolls of poison
 q - 2 scrolls of teleportation
 F - a scroll of blinking
 L - 6 scrolls of revelation
 N - 4 scrolls of enchant weapon
 O - 2 scrolls of fog
 T - a scroll of fear
Potions
 b - 4 potions of heal wounds
 d - 2 potions of might
 e - 4 potions of invisibility
 f - 6 potions of lignification
 k - 5 potions of brilliance
 p - 13 potions of curing
 t - 4 potions of enlightenment
 A - 6 potions of attraction
 D - 3 potions of ambrosia
 G - a potion of mutation
 S - 2 potions of cancellation


   Skills:
 * Level 23.7 Fighting
 - Level 15.0 Maces & Flails
 - Level 2.3 Throwing
 - Level 13.0 Armour
 - Level 10.0 Dodging
 - Level 5.1 Stealth
 + Level 5.4 Shields
 - Level 5.1 Evocations


You had 14 spell levels left.
You didn't know any spells.
Your spell library contained the following spells:

 Spells                   Type           Power      Damage    Failure   Level
 Apportation              Tloc           0%         N/A       58%         1
 Necrotise                Necr           0%         1d4       58%         1
 Sandblast                Erth           0%         2d4       58%         1
 Shock                    Conj/Air       0%         1d3       58%         1
 Summon Small Mammal      Summ           0%         N/A       58%         1
 Blink                    Tloc           0%         N/A       73%         2
 Cigotuvi's Dreadful Rot  Necr/Pois/Air  0%         N/A       73%         2
 Passwall                 Tmut/Erth      0%         N/A       73%         2
 Static Discharge         Conj/Air       0%         2-2/arc   73%         2
 Sublimation of Blood     Necr           0%         N/A       73%         2
 Wereblood                Tmut           0%         N/A       73%         2
 Call Canine Familiar     Summ           0%         N/A       91%         3
 Dazzling Flash           Conj/Hex       0%         N/A       91%         3
 Frozen Ramparts          Ice            0%         1d1       91%         3
 Inner Flame              Hex/Fire       0%         N/A       91%         3
 Stone Arrow              Conj/Erth      0%         3d7       91%         3
 Summon Guardian Golem    Hex/Summ       0%         N/A       91%         3
 Swiftness                Air            0%         N/A       91%         3
 Volatile Blastmotes      Fire/Tloc      0%         2d10      91%         3
 Airstrike                Air            0%         2d(0-16)  100%        4
 Dispel Undead            Necr           0%         3d6       100%        4
 Flame Wave               Conj/Fire      0%         2d4       100%        4
 Manifold Assault         Tloc           0%         N/A       100%        4
 Petrify                  Tmut/Erth      0%         N/A       100%        4
 Sticky Flame             Conj/Fire      0%         2d3       100%        4
 Summon Lightning Spire   Summ/Air       0%         N/A       100%        4
 Metabolic Englaciation   Hex/Ice        0%         N/A       100%        5
 Death Channel            Necr           0%         N/A       100%        6
 Starburst                Conj/Fire      0%         6d3       100%        6
 Haunt                    Necr/Summ      0%         N/A       100%        7
 Summon Hydra             Summ           0%         N/A       100%        7
 Borgnjor's Revivificati  Necr           0%         N/A       100%        8
 Maxwell's Capacitive Co  Air            0%         ∞         100%        8
 Death's Door             Necr           0%         N/A       100%        9


Dungeon Overview and Level Annotations

Branches:
Dungeon (14/15)            Temple (1/1) D:7            Lair (5/5) D:9
  Swamp (0/4) Lair:2       Spider (1/4) Lair:2        Slime (0/5) Lair:5
    Orc (2/2) D:11            Elf (1/3) Orc:2
 Vaults: D:13-14

Altars:
Ashenzari
Cheibriados
Dithmenos
Elyvilon
Fedhas
Gozag
Hepliaklqana
Kikubaaqudgha
Makhleb
Nemelex Xobeh
Okawaru
Qazlal
Ru
Sif Muna
Trog
Uskayaw
Vehumet
Wu Jian
Xom
Yredelemnul
Zin
The Shining One
Jiyva

Shops:
Orc:2 (:?:*

Annotations:
D:9 2 transporters, exclusion: statue, jlumianski's ghost, novice DjFE


Innate Abilities, Weirdness & Mutations

You have a pair of horns on your head.
You reflexively headbutt those who attack you in melee.
You are agile. (Dex +4, Str/Int -1)


Message History

The deep elf zephyrmancer is moderately wounded.
The deep elf knight wields a +0 shortbow.
The deep elf knight shoots an arrow.
The arrow hits you but does no damage.
The deep elf zephyrmancer closely misses you.
You furiously retaliate!
You headbutt the deep elf zephyrmancer! You hit the deep elf zephyrmancer.
Lightning courses through the deep elf zephyrmancer!
The deep elf zephyrmancer is severely wounded.
Your shadow hits the deep elf zephyrmancer but does no damage.
You are too injured to fight recklessly!
You are too injured to fight recklessly!
The deep elf zephyrmancer attacks as you move away!
The deep elf zephyrmancer hits you with a +0 long sword.
* * * LOW HITPOINT WARNING * * *
The deep elf zephyrmancer points at you and mumbles some strange words.
The bolt of lightning hits you!
* * * LOW HITPOINT WARNING * * *
You hear a shout! x3
Things that are here:
a +1 short sword of electrocution; a +2 short sword of electrocution
As you read the scroll of teleportation, it crumbles to dust.
You feel strangely unstable.
Aiming: Polymorph
Press: ? - help, Shift-Dir - straight line, f - deep elf knight
Aim: a deep elf knight, wielding a +0 shortbow (umbra, will become a water nymph, a two-headed ogre, or a sea snake, chance to affect: 15%)
The deep elf knight resists with almost no effort.
The deep elf zephyrmancer gestures wildly while chanting.
The deep elf zephyrmancer blinks!
The deep elf knight points at you and mumbles some strange words.
The shard of ice hits you!!
* * * LOW HITPOINT WARNING * * *
Aiming: Corrosive Bolt
Press: ? - help, Shift-Dir - straight line, f/p - deep elf knight
Aim: a deep elf knight, wielding a +0 shortbow (umbra, 51% to hit)
The bolt of acid hits the deep elf knight!!
The acid corrodes the deep elf knight!
The deep elf knight is heavily wounded.
The deep elf zephyrmancer casts a spell at you.
The bolt of lightning hits you!!!
You die...

#...##.......
#...##.).)...
#####...##.....#
#...#.#..##...##
#.#.#.....##.##
####...##'##..#.#
#..e.#....##..).#
#)#)#.#.#.##..###
#)@..#....#####
####ee.####
#...'.#§#
......#)..#
#.#...###'# ..#e
... .. #. .#. ! #
.. .. .. #


You could see 2 deep elf knights and a deep elf zephyrmancer.

Vanquished Creatures
  Kirke (D:13)
  Azrael (Orc:2)
  Nessos (D:12)
  A deep elf demonologist (Elf:1)
  A dire elephant (Lair:5)
  A minotaur (Lair:2)
  Erolcha (Orc:2)
  4 ogre magi
  A catoblepas (Lair:5)
  2 two-headed ogres
  8 hydras
  A centaur warrior (D:9)
  A deep troll shaman (Lair:3)
  2 boulder beetles (D:12)
  8 dancing weapons (Elf:1)
  A radroach (Spider:1)
  14 death yaks
  A deep elf knight (Elf:1)
  Nergalle (Orc:2)
  A skyshark (Lair:2)
  2 deep elf archers (Elf:1)
  An orb spider (Spider:1)
  Pikel (D:5)
  The ghost of pokeman the Thaumaturge, a novice DEHW of Vehumet (D:8)
  8 deep elf pyromancers
  9 deep elf zephyrmancers (Elf:1)
  A wolf spider (Spider:1)
  7 orc sorcerers (Orc:2)
  6 cyclopes
  20 elephants
  5 black mambas
  Joseph (D:7)
  10 cane toads
  A cane toad (shapeshifter) (Elf:1)
  4 gargoyles
  2 unseen horrors (D:12)
  A kobold demonologist (D:10)
  11 komodo dragons
  4 rime drakes
  2 tengu conjurers (D:13)
  An efreet (D:13)
  3 polar bears
  4 trolls
  A hornet (D:9)
  Grinder (D:6)
  16 blink frogs
  26 dream sheep
  Sigmund (D:6)
  4 slime creatures
  2 wraiths
  4 wyverns
  46 yaks
  3 vampires
  2 fire elementals
  4 hogs (D:13)
  8 basilisks
  2 vampire mosquitoes (D:10)
  2 redbacks (Spider:1)
  5 wargs
  14 water moccasins
  3 acid dragons
  7 hell hounds (Orc:2)
  Duvessa (D:7)
  17 orc warriors
  3 sky beasts
  4 black bears
  An ice beast (D:6)
  17 wolves
  5 ogres
  6 centaurs
  A lemure (D:5)
  4 phantoms
  A spectral basilisk (Lair:2)
  5 scorpions
  10 bullfrogs
  2 spectral water moccasins (Lair:2)
  4 gnoll sergeants
  19 wights
  Dowan (D:7)
  A spectral wolf (Lair:2)
  3 killer bees (D:10)
  5 howler monkeys
  2 electric eels (D:6)
  2 jellies
  A hound (D:7)
  14 orc priests
  4 gnoll boudas
  Jessica (D:3)
  5 iguanas
  37 orc wizards
  7 hell rats
  2 human simulacra (D:10)
  5 adders
  42 gnolls
  9 river rats (Lair:5)
  A white imp (D:8)
  An ufetubus (D:5)
  3 adder zombies (D:2)
  2 adder skeletons (D:2)
  4 worms (D:2)
  4 dart slugs
  104 orcs
  9 bats
  A bat skeleton (D:2)
  A bat zombie (D:2)
  8 endoplasms
  2 giant cockroaches
  6 goblins
  6 hobgoblins
  5 jackals (D:2)
  5 quokkas
  7 ball pythons
  2 ball python skeletons (D:2)
  5 frilled lizards
  A jackal zombie (D:2)
  6 kobolds
  7 rats
  A butterfly (Lair:1)
740 creatures vanquished.

Vanquished Creatures (others)
  2 deep elf knights (Elf:1)
2 creatures vanquished.

Grand Total: 742 creatures vanquished

Notes
Turn   | Place    | Note
-------+----------+-------------------------------------------
     0 | D:1      | dialectric the Minotaur Fighter began the quest for the
                  | Orb.
     0 | D:1      | Reached XP level 1. HP: 19/19 MP: 0/0
    25 | D:1      | Found a faded altar of an unknown god.
    61 | D:1      | Prayed at the altar of an unknown god.
    61 | D:1      | Became a worshipper of Dithmenos the Shadowed
    61 | D:1      | Reached * piety under Dithmenos
   116 | D:1      | Reached XP level 2. HP: 24/27 MP: 1/1
   144 | D:1      | Reached skill level 1 in Dodging
   747 | D:2      | Reached skill level 4 in Fighting
   754 | D:2      | Reached XP level 3. HP: 33/33 MP: 2/2
   825 | D:2      | Reached ** piety under Dithmenos
   975 | D:2      | Reached XP level 4. HP: 40/40 MP: 3/3
  1415 | D:3      | Noticed Jessica
  1421 | D:3      | Killed Jessica
  1625 | D:3      | Noticed an ogre
  1629 | D:3      | Killed an ogre
  1630 | D:3      | Reached skill level 5 in Maces & Flails
  1630 | D:3      | Reached XP level 5. HP: 33/47 MP: 4/4
  1687 | D:3      | Reached *** piety under Dithmenos
  1863 | D:3      | Reached skill level 5 in Armour
  1924 | D:3      | Found a basalt altar of Yredelemnul.
  2225 | D:4      | Reached XP level 6. HP: 53/53 MP: 5/5
  2453 | D:4      | Reached skill level 5 in Fighting
  2518 | D:4      | Noticed a sky beast
  2532 | D:4      | Killed a sky beast
  2533 | D:4      | Reached XP level 7. HP: 54/61 MP: 6/6
  2755 | D:4      | Found an ancient bone altar of Kikubaaqudgha.
  3243 | D:5      | Entered Level 5 of the Dungeon
  3257 | D:5      | Reached skill level 1 in Stealth
  3260 | D:5      | Reached **** piety under Dithmenos
  3382 | D:5      | Reached XP level 8. HP: 62/70 MP: 7/7
  3510 | D:5      | Noticed Pikel
  3522 | D:5      | Killed Pikel
  3523 | D:5      | Reached skill level 6 in Fighting
  3774 | D:5      | Found a glowing silver altar of Zin.
  4253 | D:5      | Found the +5 woodcutter's axe
  4532 | D:6      | Found a snail-covered altar of Cheibriados.
  4616 | D:6      | Found an iron altar of Okawaru.
  4649 | D:6      | Reached XP level 9. HP: 72/78 MP: 8/8
  4782 | D:6      | Reached skill level 7 in Fighting
  4793 | D:6      | Reached skill level 10 in Maces & Flails
  4796 | D:6      | Noticed Sigmund
  4878 | D:6      | Noticed Grinder
  4883 | D:6      | Killed Sigmund
  4889 | D:6      | Killed Grinder
  5464 | D:7      | Noticed Joseph
  5475 | D:6      | Reached skill level 8 in Fighting
  5607 | D:7      | Killed Joseph
  5608 | D:7      | Reached skill level 10 in Armour
  5746 | D:7      | Identified the amulet of Ytiul {RegenMP Rampage +Inv rN+
                  | Regen+}
  5748 | D:7      | Noticed Dowan
  5765 | D:7      | Reached skill level 9 in Fighting
  5773 | D:7      | Reached skill level 1 in Evocations
  5773 | D:7      | Reached XP level 10. HP: 73/91 MP: 9/9
  5773 | D:7      | Noticed Duvessa
  5780 | D:7      | Killed Dowan
  5794 | D:7      | Killed Duvessa
  5824 | D:7      | Reached ***** piety under Dithmenos
  6076 | D:7      | Found a staircase to the Ecumenical Temple.
  6090 | D:7      | Found an opulent altar of Gozag.
  6099 | D:7      | Found a white marble altar of Elyvilon.
  6123 | Temple   | Entered the Ecumenical Temple
  6717 | D:7      | Found a runed translucent door.
  6719 | D:7      | Noticed Crazy Yiuf
  6850 | D:7      | Crazy Yiuf changed into Crazy Yiuf the bullfrog
  6850 | D:7      | Noticed Crazy Yiuf
  6853 | D:7      | Killed Crazy Yiuf the bullfrog
  6982 | D:8      | Noticed a two-headed ogre
  6987 | D:8      | Noticed a two-headed ogre
  7005 | D:6      | Reached skill level 10 in Fighting
  7236 | D:8      | Killed a two-headed ogre
  7492 | D:8      | Noticed pokeman's ghost (novice DEHW)
  7639 | D:8      | Found a broken altar of Ashenzari.
  7722 | D:8      | Found a runed translucent door.
  8114 | D:8      | Reached skill level 11 in Fighting
  8114 | D:8      | Reached skill level 5 in Shields
  8114 | D:8      | Reached XP level 11. HP: 102/102 MP: 10/10
  8115 | D:8      | Gained mutation: You are agile. (Dex +4, Str/Int -1)
                  | [potion of mutation]
  8186 | D:9      | Found a staircase to the Lair.
  8419 | D:9      | Identified the +3 ring mail "Fadoly" {Str+3}
  8442 | D:9      | Found a radiant altar of Vehumet.
  8541 | D:9      | Reached skill level 12 in Fighting
  8641 | D:9      | Found a bloodstained altar of Trog.
  8641 | D:9      | Noticed jlumianski's ghost (novice DjFE)
  8643 | D:9      | Found a transporter.
  8646 | D:9      | Noticed a centaur warrior
  8662 | D:9      | Killed a centaur warrior
  8804 | D:9      | Reached XP level 12. HP: 113/113 MP: 11/11
  8838 | D:9      | Found a transporter.
  8857 | D:9      | Noticed a two-headed ogre
  8919 | D:9      | Reached ****** piety under Dithmenos
  9182 | D:10     | Entered Level 10 of the Dungeon
  9530 | D:10     | Noticed a two-headed ogre
  9539 | D:10     | Killed a two-headed ogre
  9649 | D:10     | Reached skill level 13 in Fighting
  9680 | D:10     | Found a sacrificial altar of Ru.
 10027 | D:8      | Killed pokeman's ghost
 10028 | D:8      | Reached skill level 1 in Throwing
 10070 | Lair:1   | Entered Level 1 of the Lair of Beasts
 10214 | Lair:1   | Reached skill level 14 in Fighting
 10698 | Lair:1   | Reached skill level 5 in Evocations
 11039 | Lair:2   | Identified the +1 long sword "Wyijaem" {elec, rElec rCorr}
 11062 | Lair:2   | Reached skill level 15 in Fighting
 11062 | Lair:2   | Reached skill level 5 in Dodging
 11105 | Lair:2   | Found a runed translucent door.
 11180 | Lair:2   | Noticed a minotaur
 11196 | Lair:2   | Killed a minotaur
 11425 | Lair:2   | Found a hole to the Spider Nest.
 11537 | Lair:2   | Noticed a six-headed hydra
 11544 | Lair:2   | Killed a six-headed hydra
 11927 | Lair:2   | Found a staircase to the Swamp.
 11927 | Lair:2   | Noticed a ghost crab
 11927 | Lair:2   | Noticed a ghost crab
 11932 | Lair:2   | Reached XP level 13. HP: 128/128 MP: 12/12
 12139 | D:11     | Identified the +2 ring mail of Analysis {Str+4}
 12295 | D:11     | Reached skill level 16 in Fighting
 12565 | D:11     | Found a staircase to the Orcish Mines.
 12710 | D:11     | Found a sparkling altar of Nemelex Xobeh.
 13076 | D:12     | Noticed Nessos
 13090 | D:12     | Killed Nessos
 13520 | Lair:3   | Reached skill level 5 in Stealth
 13587 | Lair:3   | Identified the ring "Favaluuli" {Ice rN+ rCorr Int-3 SInv}
 13692 | Lair:3   | Reached skill level 17 in Fighting
 14103 | Lair:3   | Identified the +3 hand axe of Kimipu Zolo {flame, rElec}
 14611 | Lair:4   | Found a dark tunnel.
 14637 | Lair:4   | Identified the +6 spear "Impslayer" {heavy, Fly rCorr Dex-4
                  | SInv}
 14937 | Lair:4   | Reached XP level 14. HP: 118/141 MP: 13/13
 15492 | Lair:5   | Entered Level 5 of the Lair of Beasts
 15521 | Lair:4   | Reached skill level 18 in Fighting
 15863 | Lair:5   | Found a viscous altar of Jiyva.
 15863 | Lair:5   | Found a staircase to the Slime Pits.
 15924 | Lair:5   | Reached skill level 10 in Dodging
 16023 | Lair:5   | Reached skill level 19 in Fighting
 16218 | Lair:5   | Identified the +4 robe "Apizej" {rC+}
 16746 | Lair:5   | Reached skill level 15 in Maces & Flails
 16977 | Lair:3   | Reached skill level 20 in Fighting
 17425 | Orc:1    | Entered Level 1 of the Orcish Mines
 17511 | Orc:1    | Found a bloodstained altar of Trog.
 17538 | Orc:1    | Reached XP level 15. HP: 156/156 MP: 14/14
 17575 | Orc:2    | Entered Level 2 of the Orcish Mines
 17673 | Orc:2    | Found a staircase to the Elven Halls.
 17802 | Orc:2    | Found Oluz Bob's Assorted Antiques.
 17819 | Orc:2    | Bought a scroll of teleportation for 75 gold pieces
 17881 | Orc:2    | Noticed Azrael
 17901 | Orc:2    | Killed Azrael
 18205 | Orc:2    | Found Xothraxur's Book Shoppe.
 18260 | Orc:2    | Found a radiant altar of Vehumet.
 18261 | Orc:2    | Noticed Erolcha
 18263 | Orc:2    | Found Vuddyim's Magic Scroll Emporium.
 18277 | Orc:2    | Reached skill level 21 in Fighting
 18277 | Orc:2    | Noticed Nergalle
 18283 | Orc:2    | Found an ancient bone altar of Kikubaaqudgha.
 18293 | Orc:2    | Killed Nergalle
 18319 | Orc:2    | Killed Erolcha
 18350 | Orc:2    | Bought a scroll of teleportation for 45 gold pieces
 18350 | Orc:2    | Bought a scroll of teleportation for 45 gold pieces
 18350 | Orc:2    | Bought a scroll of enchant weapon for 112 gold pieces
 18390 | Orc:2    | Found Motaruc's Antique Weapon Shoppe.
 18488 | Orc:2    | Found Naoxtygh's Book Shoppe.
 18491 | Orc:2    | Bought a runed demon whip for 630 gold pieces
 18810 | Elf:1    | Entered Level 1 of the Elven Halls
 18833 | Elf:1    | Found a radiant altar of Vehumet.
 18991 | D:12     | Reached skill level 22 in Fighting
 19369 | D:12     | Found a glowing golden altar of the Shining One.
 19787 | D:13     | Noticed Kirke
 19905 | D:13     | Killed Kirke
 20608 | Spider:1 | Entered Level 1 of the Spider Nest
 20957 | Elf:1    | Reached skill level 23 in Fighting
 21446 | Elf:1    | Identified the +5 hand axe of Propriety {heavy, rF+ Dex+2}
 21479 | Elf:1    | Killed from afar by a deep elf zephyrmancer

Illustrated notes

Levels and vault maps discovered:
D:1:      lemuel_arrival_cross, layout_basic, basic_ecumenical_altar
D:2:      minmay_razor_zed, layout_rooms, serial_undead, serial_undead_e,
          serial_undead_f, serial_undead_f, serial_undead_c, serial_undead_d,
          nicolae_wormholes
D:3:      minmay_bubble_buster, layout_rooms, mainiacjoe_overflow_tiny_flanked,
          due_unseen_surprise, uniq_jessica
D:4:      layout_loops_cross, mainiacjoe_overflow_concentric_impassable
D:5:      layout_basic, old_standard_altar, grunt_decor_cap,
          pf_guarded_unrand_woodcutter, uniq_pikel
D:6:      layout_cave_pools, mainiacjoe_overflow_chevrons,
          mainiacjoe_overflow_surrounded_room, minmay_crystal_water,
          kennysheep_generic_room_16, uniq_sigmund, uniq_grinder
D:7:      layout_rooms, mainiacjoe_overflow_small_starburst,
          mainiacjoe_overflow_boulevard, minmay_temple_entry_grid, uniq_duvessa,
          uniq_crazy_yiuf_cottage, uniq_joseph
D:8:      layout_basic, evilmike_ruin_ashenzari, hellmonk_ghost_happy_afterlife
D:9:      layout_roguey [special_room_orc], vehumet_statue,
          erik_lair_orcish_takeover, gammafunk_ghost_wrathful_warriors
D:10:     layout_cave_pods, kennysheep_mini, bh_circular_ruins
D:11:     layout_loops_ring, hiddenorc1_lemuel, nemelex_lonely_heart_becter
D:12:     layout_stronghold, minmay_ruined_shrine, uniq_nessos
D:13:     layout_rooms, uniq_kirke
D:14:     layout_stronghold, david_vaults_1, roderic_serpentine_path
Temple:   hellmonk_temple_flake
Lair:1:   layout_cave_pods, chequers_serial_rivers_marsh,
          eino_small_chamber_without_monster, lemuel_fruit_tree,
          grunt_megastairs_3, lemuel_fruit_fields
Lair:2:   dreamdust_labyrinth, layout_chaotic_city, nicolae_swamp_entry_spooky,
          spider_nest_entry_web_field
Lair:3:   layout_regular_city, minivault_27, minivault_27, minivault_25,
          beast_lair_carwin_11
Lair:4:   layout_regular_city, enter_volcano_2, lemuel_fruit_fields,
          grunt_megastairs_5
Lair:5:   grunt_lair_end_beastmaster, layout_cave_shapes, slime_entry_1,
          kennysheep_rathole, grunt_megastairs_2
Spider:1: layout_chambers, drop_trap, hellmonk_spider_spawner,
          hangedman_spider_tarantella_strand
Orc:1:    layout_caves, gammafunk_ghost_cemetery, basic_altar,
          minmay_orc_temple_a
Orc:2:    kennysheep_orc_mage_school, layout_caves, serial_shops, shop,
          nicolae_orc_bridge_out, uniq_azrael
Elf:1:    eino_elf_arrival_altar, layout_loops_corners, serial_glass,
          glass_columns_a, glass_columns_a, hangedman_elven_crosses_minicolossus

Skill      XL: |  1  2  3  4  5  6  7  8  9 10 11 12 13 14 15 |
---------------+----------------------------------------------+-----
Dodging        | 1 2 4 5 8 10 | 10.0
Armour         | 4 5 6 8 10 11 13 | 13.0
Fighting       | 4 5 6 9 11 12 15 17 20 23 | 23.7
Maces & Flails | 3 5 6 7 9 11 13 14 15 | 15.0
Stealth        | 1 3 4 5 |  5.1
Evocations     | 1 3 5 |  5.1
Shields        | 5 |  5.4
Throwing       | 1 2 |  2.3

Action                     |  1- 3 |  4- 6 |  7- 9 | 10-12 | 13-15 || total
---------------------------+-------+-------+-------+-------+-------++-------
  Melee: Flail             |    25 |       |       |       |       ||    25
         Headbutt          |    10 |    12 |    52 |   130 |   380 ||   584
         Whip              |    52 |   117 |   232 |   550 |  1094 ||  2045
         Punch             |     2 |     2 |     3 |     6 |    21 ||    34
         Demon whip        |       |       |       |       |   134 ||   134
  Throw: Javelin           |       |       |     1 |     2 |     5 ||     8
 Invoke: Shadow Step       |       |       |       |       |     1 ||     1
  Evoke: Wand              |       |       |     2 |    20 |    19 ||    41
    Use: Scroll            |     1 |     2 |     3 |     8 |    13 ||    27
         Potion            |       |       |       |     6 |     3 ||     9
   Stab: Distracted        |       |       |     1 |     3 |     7 ||    11
         Sleeping          |       |       |       |    29 |    48 ||    77
         Invisible         |       |       |       |     2 |       ||     2
 Armour: Scale mail        |    34 |    34 |    56 |    56 |       ||   180
         Ring mail         |       |       |       |    87 |   293 ||   380
  Dodge: Dodged            |    48 |    58 |   134 |   195 |   745 ||  1180

Table legend: (Time is in decaauts)
 A = Elapsed time spent in this place.
 B = Non-inter-level travel time spent in this place.
 C = Inter-level travel time spent in this place.
 D = Time resting spent in this place.
 E = Time spent auto-exploring this place.
 F = Levels seen in this place.
 G = Mean time per level.
                   A        B        C        D        E       F      G
               +--------+--------+--------+--------+--------+-----+--------+
         Total |  20572 |  19037 |   1535 |   1487 |  12777 |  24 |  857.2 |
       Dungeon |  12490 |  11618 |    872 |    932 |   8227 |  14 |  892.1 |
        Temple |    268 |    268 |      0 |    262 |      0 |   1 |  268.0 |
          Lair |   5786 |   5248 |    538 |    198 |   3500 |   5 | 1157.2 |
   Spider Nest |     44 |     44 |      0 |      0 |      0 |   1 |   44.0 |
  Orcish Mines |   1340 |   1219 |    121 |     22 |    778 |   2 |  670.0 |
   Elven Halls |    642 |    640 |      2 |     73 |    271 |   1 |  642.0 |
               +--------+--------+--------+--------+--------+-----+--------+

Top non-repeatable levels by time:
  Lair:5: 1348 daAuts
     D:6: 1307 daAuts
     D:9: 1250 daAuts
    D:12: 1208 daAuts
     D:4: 1206 daAuts
  Lair:1: 1201 daAuts
   Orc:2: 1191 daAuts
  Lair:2: 1177 daAuts
  Lair:4: 1056 daAuts
     D:5: 1032 daAuts
     D:7: 1025 daAuts
  Lair:3: 1003 daAuts
     D:8: 993 daAuts
    D:11: 900 daAuts
    D:10: 832 daAuts
